AoeStats
← [CL] Al3jandr0.magn00

Golden Pit

507361882Analyzed
1v1 RM · 13d ago on Sep 17, 2026· 38m 16s· 2 players
Game mode
Random Map
Map size
Tiny (2 player)
Population
200
Speed
Normal
Resources
Standard
Victory
Conquest
Starting age
Dark Age
Ending age
Imperial Age
RankedLock teamsTeams togetherTeam positionsShared explorationLock speedFull tech treeHidden civsTurbo modeCheats
Victory
Defeat
🇦🇷 Turks · Argentina
1901
+9
🇦🇷 Malay · Argentina
1745
-9
[CL] Al3jandr0.magn00
9:29 Loom
11:14 Feudal Age
15:30 Castle Age
14:08 Double-Bit Axe
22:26 Horse Collar
24:26 Town Watch
30:10 Imperial Age
28:14 Bow Saw
30:17 Wheelbarrow
30:26 Scale Barding Armor
31:20 Bloodlines
31:39 Chain Barding Armor
33:07 Plate Barding Armor
34:02 Conscription
35:04 Forging
35:59 Husbandry
36:51 Iron Casting
TGT | Diegote22
5:52 Loom
9:02 Feudal Age
9:04 Double-Bit Axe
10:25 Horse Collar
10:45 Town Watch
16:12 Wheelbarrow
20:16 Castle Age
18:44 Fletching
19:15 Crossbowman
20:05 Bodkin Arrow
22:05 Bow Saw
29:44 Imperial Age
30:15 Chemistry
29:44 Bracer
31:32 Gold Mining
32:48 Padded Archer Armor
33:18 Ballistics
33:48 Thumb Ring
34:05 Arbalester
36:02 Leather Archer Armor
36:21 Conscription
Connection lost

Rejoining the realm…

Still unreachable

The connection could not be restored.

Session expired

The server has moved on; the page needs a fresh start.